 Dungeon Crawl Stone Soup version 0.19-a0-1120-g42b7146 (webtiles) character file.

14 rageheart7 the Bolt Thrower (level 2, -1/16 HPs)
             Began as a Kobold Arcane Marksman on Aug 11, 2016.
             Slain by a hobgoblin
             ... wielding a +0 club
              (3 damage)
             ... on level 1 of the Dungeon.
             The game lasted 00:01:25 (350 turns).

rageheart7 the Bolt Thrower (Kobold Arcane Marksman) Turns: 350, Time: 00:01:25

Health: -1/16      AC:  2    Str:  9    XL:     2   Next: 55%
Magic:  3/3        EV: 15    Int: 11    God:
Gold:   14         SH:  0    Dex: 15    Spells: 1 memorised, 2 levels left

rFire  . . .     SeeInvis .     a - +0 hand crossbow
rCold  . . .     Gourm    .     e - +0 robe
rNeg   . . .     Faith    .     (shield restricted)
rPois  .         Spirit   .     (no helmet)
rElec  .         Dismiss  .     (no cloak)
rCorr  .         Reflect  .     (no gloves)
SustAt .         Harm     .     (no boots)
MR     .....                    (no amulet)
Stlth  +.........               (no ring)
                                (no ring)

@:
A: carnivore 3
a: no special abilities


You were on level 1 of the Dungeon.
You were full.

You visited 1 branch of the dungeon, and saw 1 of its levels.

You collected 14 gold pieces.

Inventory:

Hand Weapons
 a - a +0 hand crossbow (weapon)
 h - a +0 club
Missiles
 d - 9 bolts (quivered)
Armour
 e - a +0 robe (worn)
Jewellery
 b - an uncursed amulet of the gourmand {unknown}
Scrolls
 i - a scroll of noise {unknown}
Potions
 g - a potion of agility {unknown}
Books
 c - a book of Debilitation

   Spells                             Type                      Level
   a - Corona                         Hexes                        1
   b - Slow                           Hexes                        2
   c - Gell's Gravitas                Hexes/Translocation          3
   d - Inner Flame                    Hexes/Fire                   3
   e - Cause Fear                     Hexes                        4
   f - Leda's Liquefaction            Hexes/Earth                  4
Comestibles
 f - a meat ration


   Skills:
 * Level 1.5 Fighting
 * Level 3.3 Crossbows
 - Level 2.4 Dodging
 - Level 1.0 Spellcasting
 - Level 3.0 Hexes


You had 2 spell levels left.
You knew the following spells:

 Your Spells              Type           Power        Failure   Level  Hunger
a - Corona                Hex            #......      12%         1    ##.....


Dungeon Overview and Level Annotations

Branches:
Dungeon (1/15)

Altars:


Innate Abilities, Weirdness & Mutations

You are small and have problems with some larger weapons.
You are carnivorous and can eat meat at any time.


Message History

Wield which item (- for none, * to show all)? (? for menu, Esc to quit)
a - a +0 hand crossbow (weapon)
The hobgoblin hits you with a club.
* * * LOW HITPOINT WARNING * * *
You are too injured to fight recklessly!
You are too injured to fight recklessly!
Firing (i - inventory):
d - 11 bolts (quivered)
Press: ? - help, Shift-Dir - straight line, f - rat
Aim: a rat You shoot a bolt.
The bolt hits the rat.
You kill the rat!
The hobgoblin hits you with a club.
* * * LOW HITPOINT WARNING * * *
Firing (i - inventory):
d - 10 bolts (quivered)
Press: ? - help, Shift-Dir - straight line, f - hobgoblin
Aim: a hobgoblin, wielding a club You shoot a bolt.
The bolt hits the hobgoblin but does no damage.
The hobgoblin hits you with a club.
You die...

...........# #.##!##.# #.
...[.......# ##.#..(#.#####.
.........### ##..#...#....##.
.....###.### ##.(.$.........#.
.....#.(...#### #..#..($...#...##
.....#.###....# #.##......(##....
###....#......###.#).....(.$#..##
#....#.###....#.## ##.## ##.###
###....#......@g.###...###..# #
#....#.###.##..(.(.......####
###....#...##....†...........
#....#.####......###.......
###....# ##########....... ######
#........ #....#### #### #....# #
#.<# #....# #


You could see a hobgoblin.

Vanquished Creatures
  A bat (D:1)
  3 hobgoblins (D:1)
  2 ball pythons (D:1)
  A goblin (D:1)
  2 kobolds (D:1)
  7 rats (D:1)
16 creatures vanquished.

Notes
Turn   | Place    | Note
-------+----------+-------------------------------------------
     0 | D:1      | rageheart7 the Kobold Arcane Marksman began the quest for the Orb.
     0 | D:1      | Reached XP level 1. HP: 12/12 MP: 2/2
   219 | D:1      | Reached XP level 2. HP: 16/16 MP: 3/3
   350 | D:1      | Slain by a hobgoblin

Vault maps used:
D:1:      lightli_arrival_lavapool, minmay_misc_feat_ornament,
          hangedman_abyss_or_decor_stabs, minmay_three_crescents

Skill      XL: |  1  2 |
---------------+-------+-----
Crossbows      | 3 |  3.3
Fighting       | |  1.5
Dodging        | |  2.4
Spellcasting   | |  1.0
Hexes          | |  3.0

Action                   || total
-------------------------++-------
Melee: Club              ||     5
 Fire: Hand crossbow     ||    27
  Eat: Chunk             ||     3
Armor: Robe              ||     1
Dodge: Dodged            ||    24
